 Dungeon Crawl Stone Soup version 0.29.1-12-g30fa7ad0bf (webtiles) character file.

Game seed: 17792774913328660163

529 Descartes the Shield-Bearer (level 7, -4/55 HPs)
             Began as a Formicid Fighter on Jan 6, 2023.
             Slain by a troll (10 damage)
             ... on level 5 of the Dungeon.
             The game lasted 00:05:32 (4638 turns).

Descartes the Shield-Bearer (Formicid Fighter)      Turns: 4638, Time: 00:05:33

Health: -4/55      AC: 16    Str: 23    XL:     7   Next: 48%
Magic:  7/7        EV:  7    Int:  7    God:
Gold:   318        SH:  6    Dex: 18    Spells: 6/6 levels left

rFire   . . .      SeeInvis +   t - +5 trident of the Penguin {vorpal, rC+ Dex+5}
rCold   + . .      Faith    .   c - +0 buckler
rNeg    . . .      Spirit   .   l - +0 chain mail
rPois   .          Reflect  .   (helmet unavailable)
rElec   .          Harm     .   w - +0 cloak
rCorr   +          Rampage  .   v - +0 pair of gloves
Will    .....                   (no boots)
Stlth   ..........              (no amulet)
HPRegen 0.18/turn               A - +4 ring of protection
MPRegen 0.10/turn               e - ring of resist corrosion

@: mighty
A: permanent stasis, dig shafts and tunnels, antennae 3, four strong arms
a: Dig, Shaft Self


You were on level 5 of the Dungeon.
You visited 1 branch of the dungeon, and saw 5 of its levels.

You collected 318 gold pieces.

Inventory:

Hand Weapons
 t - the +5 trident of the Penguin (weapon) {vorpal, rC+ Dex+5}
   (You found it on level 3 of the Dungeon)

   It inflicts extra damage upon your enemies.
   Dex:       It affects your dexterity (+5).
   rC:        It protects you from cold.
 E - a +3 flail of draining
Missiles
 z - 6 boomerangs
Armour
 c - a +0 buckler (worn)
 l - a +0 chain mail (worn)
 v - a +0 pair of gloves (worn)
 w - a +0 cloak (worn)
Jewellery
 e - a ring of resist corrosion (right hand)
 k - a ring of fire
 A - a +4 ring of protection (left hand)
Scrolls
 b - a scroll of enchant armour {unknown}
 g - 3 scrolls of poison {unknown}
 i - 4 scrolls of identify {unknown}
 j - 2 scrolls of teleportation {unknown}
 n - a scroll of vulnerability {unknown}
 q - 2 scrolls of butterflies {unknown}
 r - a scroll of noise {unknown}
 x - a scroll of magic mapping {unknown}
 y - a scroll of brand weapon {unknown}
 B - 2 scrolls of summoning
 C - a scroll of torment {unknown}
Potions
 a - a potion of mutation {unknown}
 d - 3 potions of might
 f - 2 potions of lignification {unknown}
 h - a potion of heal wounds {unknown}
 m - 2 potions of curing
 o - a potion of resistance {unknown}
 p - a potion of flight {unknown}
 s - a potion of berserk rage {unknown}
 u - a potion of cancellation {unknown}
 D - a potion of attraction {unknown}


   Skills:
 + Level 4.3 Fighting
 - Level 2.6(3.0) Axes
 + Level 1.8(2.5) Polearms
 + Level 4.5 Armour
 * Level 6.8 Shields
 + Level 2.1 Translocations
 + Level 2.5 Evocations


You had 6 spell levels left.
You didn't know any spells.
Your spell library was empty.

Dungeon Overview and Level Annotations

Branches:
Dungeon (5/15)
 Temple: D:4-7

Altars:

Shops:
D:1 ?


Innate Abilities, Weirdness & Mutations

You cannot be hasted, slowed, berserked, paralysed or teleported.
You can dig through walls and to a lower floor.
You have a pair of large antennae on your head. (SInv)
Your four strong arms can wield two-handed weapons with a shield.


Message History

The adder bites you.
* * * LOW HITPOINT WARNING * * *
You closely miss the adder. You block the adder's attack.
The shadow imp laughs crazily.
The shadow imp hits you but does no damage.
The adder bites you but does no damage.
Unknown command.
You miss the adder.
The shadow imp hits you but does no damage.
The adder barely misses you. You block the shadow imp's attack.
The adder bites you but does no damage. The adder bites you.
* * * LOW HITPOINT WARNING * * *
The shadow imp hits you but does no damage.
The adder attacks as you move away! The adder bites you but does no damage.
The shadow imp hits you but does no damage.
The adder attacks as you move away! The adder bites you but does no damage.
The shadow imp attacks as you move away!
The shadow imp barely misses you. The adder bites you but does no damage.
The adder bites you but does no damage. The shadow imp barely misses you.
You miss the adder. The adder barely misses you.
The shadow imp hits you but does no damage.
The adder bites you but does no damage. The troll attacks as you move away!
The troll barely misses you.
The troll claws you but does no damage. x2
The shadow imp attacks as you move away!
The shadow imp hits you.
* * * LOW HITPOINT WARNING * * *
Unknown command.
You feel very mighty all of a sudden. You block the adder's attack.
The shadow imp barely misses you. The troll bites you.
* * * LOW HITPOINT WARNING * * *
The troll claws you but does no damage. You block the troll's attack.
The adder barely misses you.
It was a potion of curing.
You feel better. The adder barely misses you.
You block the shadow imp's attack. The troll bites you but does no damage.
The troll claws you!
* * * LOW HITPOINT WARNING * * *
The troll claws you!
You die...

....###.......#####.####
..............# #.#
#............#####.#
#................#
###############............#####
#......?.....................)..
......................####.#####
#.............T.......# #.##...
#.............S@......# #.#....
.......†).....5.......####.#....
#..........................#....
......................######....
................................
.....###.###..............(.####
..... #.# .................#
.:... #.#.................##
#.###.###.......#.#####


You could see a troll, an adder and a shadow imp.

Vanquished Creatures
  4 hounds
  A jelly (D:5)
  A gnoll bouda (D:4)
  4 orc wizards
  6 adders
  6 gnolls (D:4)
  A white imp (D:5)
  2 ufetubi
  3 worms
  A dart slug (D:2)
  20 orcs
  10 ball pythons
  6 endoplasms
  A giant cockroach (D:2)
  3 goblins
  8 hobgoblins
  3 jackals (D:1)
  5 kobolds
  3 quokkas (D:2)
  4 bats
  4 frilled lizards
  9 rats
105 creatures vanquished.

Notes
Turn   | Place    | Note
-------+----------+-------------------------------------------
     0 | D:1      | Descartes the Formicid Fighter began the quest for the Orb.
     0 | D:1      | Reached XP level 1. HP: 18/18 MP: 1/1
   132 | D:1      | Reached XP level 2. HP: 22/24 MP: 2/2
   458 | D:1      | Found a faded altar of an unknown god.
   485 | D:1      | Found Posiwua's Magic Scroll Emporium.
   735 | D:2      | Reached XP level 3. HP: 27/29 MP: 3/3
   746 | D:2      | Reached skill level 1 in Evocations
  1706 | D:3      | Reached XP level 4. HP: 35/35 MP: 4/4
  1721 | D:3      | Reached skill level 5 in Shields
  1721 | D:3      | Reached skill level 1 in Translocations
  1921 | D:3      | Reached XP level 5. HP: 42/42 MP: 5/5
  2189 | D:3      | Identified the +5 trident of the Penguin {vorpal, rC+
                  | Dex+5}
  2942 | D:4      | Reached XP level 6. HP: 47/48 MP: 6/6
  3089 | D:4      | Reached skill level 6 in Shields
  3150 | D:4      | Reached skill level 1 in Polearms
  3164 | D:5      | Entered Level 5 of the Dungeon
  3512 | D:4      | Reached XP level 7. HP: 54/54 MP: 7/7
  4624 | D:5      | Noticed a troll
  4638 | D:5      | Slain by a troll

Illustrated notes

Levels and vault maps discovered:
D:1:      dpeg_arrival_stonehenge_8_columns, layout_rooms, serial_shops,
          nicolae_shop_advertising_works [nicolae_subvault_shop_adworks],
          hellmonk_ecumenical_altar_zigzags, grunt_decor_fettered
D:2:      layout_basic, grunt_decor_junction
D:3:      layout_basic, serial_rivers, chequers_serial_rivers_micro_d,
          chequers_serial_rivers_micro_a, chequers_serial_rivers_marsh,
          chequers_serial_rivers_micro_e, chequers_serial_rivers_marsh,
          minmay_door_square
D:4:      layout_basic, minivault_4
D:5:      layout_basic, serial_curves, eino_curves_03, eino_curves_01,
          minmay_manual_monstrance

Skill      XL: |  1  2  3  4  5  6  7 |
---------------+----------------------+-----
Evocations     | 1 2 |  2.5
Shields        | 5 6 |  6.8
Translocations | 1 2 |  2.1
Armour         | 4 |  4.5
Fighting       | 4 |  4.3
Polearms       | 1 |  1.8
Axes           | |  2.6

Action                   |  1- 3 |  4- 6 |  7- 9 || total
-------------------------+-------+-------+-------++-------
Melee: War axe           |    92 |    43 |       ||   135
       Trident           |       |    81 |    54 ||   135
  Use: Potion            |       |       |     2 ||     2
Armor: Scale mail        |    10 |       |       ||    10
       Chain mail        |    49 |    70 |    70 ||   189
Dodge: Dodged            |    40 |    38 |    40 ||   118
Block: Buckler           |    25 |    30 |    32 ||    87
